[Event "FIDE WCCC Open-10 2024"]
[Site "Montesilvano"]
[Date "2024.11.22"]
[Round "7.20"]
[White "Button-Rabl, Jiban"]
[Black "Bartash, Saveli"]
[Result "1/2-1/2"]
[Annotator "NA RC"]
[ECO "B55"]
[WhiteElo "1435"]
[BlackElo "1661"]
[PlyCount "171"]
[EventDate "2024.11.18"]
[EventType "swiss"]
[EventCountry "ITA"]
[SourceTitle "playchess.com"]
[Source "ChessBase"]
[SourceQuality "1"]
[TimeControl "5400+30"]

1. e4 c5 2. Nf3 d6 3. d4 cxd4 4. Nxd4 Nf6 5. f3 a6 6. c4 e5 7. Nb3 Be6 8. Nc3 Nbd7 9. Nd5 Bxd5 10. cxd5 Be7 11. Be3 O-O 12. Rc1 Rc8 13. Be2 b5 14. Qd2 Nb6 15. Na5 Na8 16. Nc6 Qd7 17. O-O Qb7 18. Rc2 Rfe8 19. Rfc1 Bf8 20. Bg5 Nd7 21. Qa5 Nab6 22. g4 h6 23. Bh4 Nc5 24. Qd2 Nbd7 25. b4 Na4 26. g5 h5 27. f4 exf4 28. Qxf4 Ne5 29. Rf1 Ng6 30. Qf2 Qb6 31. Qxb6 Nxb6 32. Bf2 Nd7 33. Bxh5 Nde5 34. Bxg6 Nxg6 35. Re1 Nf4 36. Re3 g6 37. Kf1 Kh7 38. Rcc3 Bg7 39. Ra3 Ra8 40. Bg3 Nh5 41. Bxd6 Bb2 42. Rab3 Bc1 43. Rf3 Rxe4 44. Rxf7+ Kg8 45. Re7 Rf8+ 46. Kg2 Rg4+ 47. Bg3 Nf4+ 48. Kf3 Rxg5 49. Bxf4 Rxf4+ 50. Ke2 Rxd5 51. Rd3 Rxd3 52. Kxd3 Rf2 53. Re2 Rf6 54. Ne7+ Kf7 55. Kd4 Bg5 56. Nd5 Rc6 57. Rf2+ Kg7 58. Rf3 Rc2 59. Ra3 Rxh2 60. Rxa6 Bd2 61. Kc5 Rh5 62. Rd6 g5 63. Kxb5 g4 64. Kc4 g3 65. Ne7 Bf4 66. Rd1 g2 67. Rg1 Rg5 68. Nf5+ Kf6 69. Nh4 Rg4 70. Rxg2 Rxh4 71. Rf2 Ke6 72. Re2+ Kd6 73. Re4 Bg3 74. Rxh4 Bxh4 75. Kb5 Kc7 76. Ka6 Kb8 77. a4 Be7 78. b5 Bc5 79. a5 Bd4 80. b6 Be3 81. Kb5 Kb7 82. a6+ Ka8 83. Kc6 Kb8 84. a7+ Ka8 85. Kc7 Bxb6+ 86. Kxb6 1/2-1/2

[Event "FIDE WCCC Open-10 2024"]
[Site "Montesilvano"]
[Date "2024.11.22"]
[Round "7.21"]
[White "Ramesan, Raunak Amit"]
[Black "Deepak Ambattu, Rithvik"]
[Result "1-0"]
[Annotator "NA RC"]
[ECO "B99"]
[WhiteElo "1802"]
[BlackElo "2063"]
[PlyCount "79"]
[EventDate "2024.11.18"]
[EventType "swiss"]
[EventCountry "ITA"]
[SourceTitle "playchess.com"]
[Source "ChessBase"]
[SourceQuality "1"]
[TimeControl "5400+30"]

1. e4 c5 2. Nf3 d6 3. d4 cxd4 4. Nxd4 Nf6 5. Nc3 a6 $11 6. Bg5 e6 7. f4 Be7 8. Qf3 Qc7 9. O-O-O Nbd7 10. g4 b5 11. Bxf6 Nxf6 12. g5 Nd7 13. f5 Bxg5+ 14. Kb1 Ne5 15. Qh5 h6 16. Nxe6 Bxe6 17. fxe6 g6 18. exf7+ Kxf7 19. Qe2 Qd8 20. Qf2+ Kg7 21. Qd4 Be7 22. Bh3 Rf8 23. Nd5 Bf6 24. Nf4 Re8 25. Rhg1 Kh7 26. Qd5 Qe7 27. Nxg6 Nxg6 28. Bf5 Kh8 29. Rxg6 Qf8 30. Rdg1 Ra7 31. Be6 Bg7 32. Qd3 Qf4 33. Qd5 Rc7 34. Qh5 Rf8 35. Bf5 Qd2 36. R6g2 Qd4 37. Rxg7 Rxg7 38. Qxh6+ Kg8 39. Be6+ Rff7 40. Rxg7+ 1-0

[Event "FIDE WCCC Open-10 2024"]
[Site "Montesilvano"]
[Date "2024.11.22"]
[Round "7.22"]
[White "Blekh, Erik"]
[Black "Annapureddy, Rheyansh Reddy"]
[Result "0-1"]
[Annotator "NA RC"]
[ECO "E60"]
[WhiteElo "1790"]
[BlackElo "2122"]
[PlyCount "58"]
[EventDate "2024.11.18"]
[EventType "swiss"]
[EventCountry "ITA"]
[SourceTitle "playchess.com"]
[Source "ChessBase"]
[SourceQuality "1"]
[TimeControl "5400+30"]

1. Nf3 Nf6 2. g3 g6 3. b3 Bg7 4. Bb2 O-O 5. Bg2 c5 6. c4 d6 7. d4 d5 8. Nbd2 dxc4 9. Nxc4 Be6 10. Ncd2 Nc6 11. dxc5 Qa5 12. O-O Rfd8 $14 ({Better is} 12... Qxc5 $11 13. Rc1 Qb5) 13. Qc1 Rac8 14. Bc3 Qxc5 15. Qb2 b5 16. b4 Qh5 17. h4 h6 18. a4 a5 19. Nd4 axb4 20. Nxc6 bxc3 21. Qxb5 Rxc6 22. Qxc6 cxd2 23. a5 Nd5 24. a6 Bxa1 25. a7 Bd4 26. a8=Q Rxa8 27. Qxa8+ Kh7 28. Qa4 Nc3 29. Qc2 Qxe2 0-1

[Event "FIDE WCCC Open-10 2024"]
[Site "Montesilvano"]
[Date "2024.11.22"]
[Round "7.23"]
[White "Liu, Liam"]
[Black "Ten Dam, Bram"]
[Result "1-0"]
[Annotator "NA RC"]
[ECO "B22"]
[WhiteElo "1783"]
[BlackElo "2012"]
[PlyCount "93"]
[EventDate "2024.11.18"]
[EventType "swiss"]
[EventCountry "ITA"]
[SourceTitle "playchess.com"]
[Source "ChessBase"]
[SourceQuality "1"]
[TimeControl "5400+30"]

1. e4 c5 2. c3 Nf6 3. e5 Nd5 4. d4 cxd4 5. cxd4 d6 6. Bc4 Nb6 7. Bb3 dxe5 8. Qh5 e6 9. dxe5 Nc6 10. Nc3 Qd3 11. Bf4 Bb4 12. Nge2 Nd5 13. Bxd5 Qxd5 14. O-O Qd3 15. a3 Be7 16. Rfd1 Qg6 17. Qh3 a6 18. Rd3 h5 19. Rad1 b5 20. Qf3 Bb7 21. Rd7 Rc8 22. Rxb7 O-O 23. Rbd7 Bc5 24. Qe4 f5 25. Qf3 h4 26. Qh3 Qh5 27. Qf3 Qe8 28. R7d3 Be7 29. h3 g5 30. Bh2 Bc5 31. b4 Ba7 32. Rd7 Bb8 33. Qe3 Qg6 34. f4 g4 35. Kh1 Kh8 36. hxg4 fxg4 37. Qe4 Qh6 38. Rb7 Nd8 39. Re7 Nc6 40. Red7 g3 41. Bg1 Rg8 42. Rf7 Nd8 43. Rf6 Qh5 44. Qf3 Qh7 45. Ne4 Rc7 46. Ng5 Rxg5 47. fxg5 1-0

[Event "FIDE WCCC Open-10 2024"]
[Site "Montesilvano"]
[Date "2024.11.22"]
[Round "7.23"]
[White "Vydra, David"]
[Black "McFadden, Oisin"]
[Result "1-0"]
[Annotator "NA RC"]
[ECO "B32"]
[WhiteElo "1615"]
[BlackElo "1464"]
[PlyCount "111"]
[EventDate "2024.11.18"]
[EventType "swiss"]
[EventCountry "ITA"]
[SourceTitle "playchess.com"]
[Source "ChessBase"]
[SourceQuality "1"]
[TimeControl "5400+30"]

1. e4 c5 2. Nf3 Nc6 3. d4 cxd4 4. Nxd4 e5 5. Nb5 d6 6. N1c3 a6 7. Na3 b5 8. Nd5 Nge7 9. Bg5 h6 10. Bxe7 Nxe7 11. Be2 Nxd5 12. exd5 Bf5 13. O-O Qg5 14. c3 h5 15. f4 exf4 16. Qd2 Be7 17. Rae1 O-O 18. Bd3 Bxd3 19. Qxd3 Bf6 20. Nc2 Be5 21. Nd4 Qg6 22. Qxg6 fxg6 23. Ne6 Rf5 24. Re4 g5 25. g3 f3 26. g4 hxg4 27. Rxg4 f2+ 28. Kg2 Bf6 29. Rxf2 Rxd5 30. Nc7 b4 31. Nxd5 bxc3 32. bxc3 Rc8 33. Rxf6 gxf6 34. Ne7+ Kf7 35. Nxc8 Ke6 36. Ra4 Kd7 37. Nb6+ Kc6 38. Nc4 Kb5 39. Rb4+ Kc5 40. Nxd6 Kxd6 41. Rb6+ Ke5 42. Rxa6 f5 43. a4 f4 44. Rb6 g4 45. Rb4 Kf5 46. a5 f3+ 47. Kg3 f2 48. Kxf2 g3+ 49. Kxg3 Ke5 50. a6 Kd5 51. a7 Kc5 52. a8=Q Kd6 53. Qa5 Kc6 54. Rb6+ Kc7 55. Qa7+ Kc8 56. Rb8# 1-0

[Event "FIDE WCCC Open-10 2024"]
[Site "Montesilvano"]
[Date "2024.11.22"]
[Round "7.24"]
[White "Aitmukhanov, Arsen"]
[Black "Ivanovic, Leonid"]
[Result "1-0"]
[Annotator "NA RC"]
[ECO "A04"]
[WhiteElo "1579"]
[BlackElo "1990"]
[PlyCount "83"]
[EventDate "2024.11.18"]
[EventType "swiss"]
[EventCountry "ITA"]
[SourceTitle "playchess.com"]
[Source "ChessBase"]
[SourceQuality "1"]
[TimeControl "5400+30"]

1. e4 c5 2. Nf3 e6 3. g3 Nc6 4. Bg2 g6 5. O-O Bg7 6. c3 e5 7. d3 Nge7 8. Be3 d6 9. d4 exd4 10. cxd4 Bg4 11. dxc5 dxc5 12. Qb3 Qb6 13. Nc3 Qxb3 14. axb3 b6 15. h3 Be6 16. Nb5 O-O 17. Nc7 Rad8 18. Nxe6 fxe6 19. Ng5 Rd6 20. f4 h6 21. e5 Rd3 22. Nxe6 Rxe3 23. Nxf8 Kxf8 24. Rfd1 Rxg3 25. Rd6 Na5 26. Rd8+ Kf7 27. Kh2 Rxb3 28. Rad1 Rxb2 29. R1d7 Bf8 30. Rd6 Bg7 31. Kh1 Rb4 32. R8d7 Bf8 33. Rf6+ Ke8 34. Rxa7 Rb1+ 35. Kh2 c4 36. Ra8+ Kd7 37. Raxf8 Rd1 38. e6+ Kc7 39. R6f7 Kd6 40. Rd8+ Kxe6 41. Rxe7+ Kxe7 42. Rxd1 1-0

[Event "FIDE WCCC Open-10 2024"]
[Site "Montesilvano"]
[Date "2024.11.22"]
[Round "7.25"]
[White "Larion, Iustin"]
[Black "Babeikin, Kiryl"]
[Result "0-1"]
[Annotator "NA RC"]
[ECO "D00"]
[WhiteElo "1925"]
[BlackElo "1721"]
[PlyCount "110"]
[EventDate "2024.11.18"]
[EventType "swiss"]
[EventCountry "ITA"]
[SourceTitle "playchess.com"]
[Source "ChessBase"]
[SourceQuality "1"]
[TimeControl "5400+30"]

1. d4 d5 2. Bg5 Nf6 3. e3 c5 4. Nd2 Nbd7 5. c3 Qb6 6. Rb1 e6 7. Bd3 e5 8. dxe5 Nxe5 9. Ndf3 Nxd3+ 10. Qxd3 c4 11. Qd1 Bf5 12. Qa4+ (12. Rc1 $17) 12... Qc6 13. Qxc6+ bxc6 $15 14. Rd1 Ne4 15. Ne2 Rb8 16. b3 cxb3 17. axb3 Bg4 18. Bf4 Rxb3 19. O-O Rb2 20. Ned4 c5 21. Nc6 Nxc3 22. Ra1 Ne2+ 23. Kh1 Nxf4 24. Nfe5 Bd7 25. exf4 Bd6 26. Rfe1 Bxc6 27. Nd3+ Kd7 28. Nxb2 Ra8 29. Nd3 f6 30. f5 c4 31. Nc1 Bc5 32. Ne2 Re8 33. Nf4 Rxe1+ 34. Rxe1 Bxf2 35. Rd1 d4 36. Ne2 d3 37. Nc3 Bd4 38. Nb1 Ba4 39. Rc1 c3 40. Nxc3 d2 41. Ne2 dxc1=Q+ 42. Nxc1 Bc2 43. Ne2 Be5 44. g4 a5 45. Kg2 a4 46. Kf3 Bd1 47. Ke3 Bxe2 48. Kxe2 a3 49. h4 a2 50. g5 a1=Q 51. g6 h5 52. Kf2 Qb2+ 53. Kf3 Qc3+ 54. Ke4 Kc7 55. Kd5 Qc6# 0-1

[Event "FIDE WCCC Open-10 2024"]
[Site "Montesilvano"]
[Date "2024.11.22"]
[Round "7.26"]
[White "Wang, Rocky"]
[Black "Kais, Kristofer"]
[Result "1/2-1/2"]
[Annotator "NA RC"]
[ECO "B36"]
[WhiteElo "1853"]
[BlackElo "1723"]
[PlyCount "161"]
[EventDate "2024.11.18"]
[EventType "swiss"]
[EventCountry "ITA"]
[SourceTitle "playchess.com"]
[Source "ChessBase"]
[SourceQuality "1"]
[TimeControl "5400+30"]

1. e4 c5 2. Nf3 g6 3. d4 cxd4 4. Nxd4 Nc6 5. c4 Nf6 6. Nc3 Nxd4 7. Qxd4 d6 8. Be3 Bg7 9. Be2 O-O 10. Qd2 Be6 11. Rc1 Rc8 12. b3 Qa5 $14 13. f3 a6 14. Na4 Qxd2+ 15. Kxd2 Nd7 16. Nc3 Rc7 17. f4 Nc5 18. Bf3 Rb8 19. g4 Bxc3+ 20. Rxc3 Bxg4 21. Bxg4 Nxe4+ 22. Kd3 Nxc3 23. Kxc3 b5 24. Bd4 bxc4 25. bxc4 Rcb7 26. Re1 e6 27. Bf6 h5 28. Bf3 Rb2 29. Be7 Rxh2 30. Bxd6 Rbb2 31. Be4 Rxa2 32. c5 Rh3+ 33. Kd4 Ra4+ 34. Ke5 Kg7 35. Be7 Rc3 36. Bf6+ Kh7 37. c6 Rxe4+ 38. Kxe4 Rxc6 39. Rb1 Rc4+ 40. Ke3 g5 41. Bxg5 Kg6 42. Be7 a5 43. Rg1+ Kh7 44. Rg5 a4 45. Rxh5+ Kg6 46. Rg5+ Kh7 47. Rg1 Rc7 48. Bf6 a3 49. Bd4 a2 50. Rg2 Rc1 51. Rxa2 Re1+ 52. Kf3 Rf1+ 53. Kg4 Kg6 54. Ra8 f6 55. Rf8 f5+ 56. Kg3 Re1 57. Rf6+ Kh5 58. Be5 Re3+ 59. Kf2 Ra3 60. Rxe6 Ra2+ 61. Ke3 Ra3+ 62. Kd4 Ra4+ 63. Kd5 Ra5+ 64. Kd6 Ra6+ 65. Ke7 Ra7+ 66. Kf6 Kg4 67. Kg6 Ra8 68. Bg7 Kxf4 69. Rb6 Ra5 70. Rb4+ Kg3 71. Rb3+ Kg4 72. Rb4+ Kg3 73. Bh6 Ra6+ 74. Kh5 Rxh6+ 75. Kxh6 f4 76. Kg5 f3 77. Rg4+ Kh2 78. Rf4 Kg2 79. Kh4 f2 80. Rg4+ Kh2 81. Rf4 1/2-1/2

[Event "FIDE WCCC Open-10 2024"]
[Site "Montesilvano"]
[Date "2024.11.22"]
[Round "7.27"]
[White "Akramov, Khasan"]
[Black "Aguike, Toshiya"]
[Result "1/2-1/2"]
[Annotator "NA RC"]
[ECO "A39"]
[WhiteElo "1835"]
[BlackElo "1716"]
[PlyCount "144"]
[EventDate "2024.11.18"]
[EventType "swiss"]
[EventCountry "ITA"]
[SourceTitle "playchess.com"]
[Source "ChessBase"]
[SourceQuality "1"]
[TimeControl "5400+30"]

1. c4 Nf6 2. g3 g6 3. Bg2 Bg7 4. Nc3 d6 5. d4 O-O 6. Nf3 c5 7. O-O Nc6 8. b3 cxd4 9. Nxd4 Nxd4 10. Qxd4 Ne4 11. Qxe4 Bxc3 12. Bh6 Bxa1 13. Bxf8 Bf6 14. Bh6 Rb8 15. Qd5 b6 16. Qd2 Bb7 17. e4 Qc7 18. Be3 Rd8 19. a4 e6 20. Rc1 Rd7 21. Rd1 Bc6 22. Qa2 Qb7 23. Qc2 Bg7 24. Bf4 e5 25. Be3 f5 26. f3 fxe4 27. fxe4 h6 28. b4 Qc7 29. b5 Bb7 30. a5 Kh7 31. Qd3 Rd8 32. axb6 axb6 33. Bf1 Bf8 34. Be2 Ra8 35. Rf1 Bg7 36. Bg4 Re8 37. Bh3 Ba8 38. Rf2 Qb7 39. Bg2 Qc7 40. Qf1 Re7 41. h4 Bb7 42. h5 g5 43. Qc1 Re6 44. Qf1 Re7 45. Kh2 Bc8 46. Bh3 g4 47. Bg2 Be6 48. Rf6 Qc8 49. Bxh6 Bxc4 50. Qf2 Bxf6 51. Qxf6 Qe6 52. Qg5 Rf7 53. Qc1 Bxb5 54. Be3 Bc4 55. Bxb6 Rf6 56. Bd8 Rh6 57. Qg5 Be2 58. Kg1 Bd3 59. Qe3 Bc4 60. Qg5 Ba6 61. Qh4 Bc8 62. Bg5 Bd7 63. Bxh6 Kxh6 64. Qd8 Kxh5 65. Bf1 Bc6 66. Ba6 Bxe4 67. Bc8 Qc4 68. Qh4+ Kg6 69. Qxg4+ Kf7 70. Qd7+ Kg8 71. Qe8+ Kg7 72. Qe7+ Qf7 1/2-1/2

[Event "FIDE WCCC Open-10 2024"]
[Site "Montesilvano"]
[Date "2024.11.22"]
[Round "7.28"]
[White "Kadyr, Aldiyar"]
[Black "Garcia Tanjala, Marko"]
[Result "1-0"]
[Annotator "NA RC"]
[ECO "E32"]
[WhiteElo "1759"]
[BlackElo "1833"]
[PlyCount "35"]
[EventDate "2024.11.18"]
[EventType "swiss"]
[EventCountry "ITA"]
[SourceTitle "playchess.com"]
[Source "ChessBase"]
[SourceQuality "1"]
[TimeControl "5400+30"]

1. d4 Nf6 2. c4 e6 3. Nc3 Bb4 4. Qc2 O-O 5. e4 c5 6. e5 cxd4 7. a3 Ba5 8. b4 dxc3 9. exf6 Bc7 10. fxg7 Re8 11. Qxc3 Nc6 12. Nf3 e5 13. Ng5 e4 14. Qh3 Kxg7 15. Qxh7+ Kf6 16. Qxf7+ Ke5 17. Qf4+ Kd4 18. Bb2# 1-0

[Event "FIDE WCCC Open-10 2024"]
[Site "Montesilvano"]
[Date "2024.11.22"]
[Round "7.29"]
[White "Guirado Lara, Pablo"]
[Black "Barsov, Mikhail"]
[Result "1-0"]
[Annotator "NA RC"]
[ECO "B11"]
[WhiteElo "1832"]
[BlackElo "1668"]
[PlyCount "101"]
[EventDate "2024.11.18"]
[EventType "swiss"]
[EventCountry "ITA"]
[SourceTitle "playchess.com"]
[Source "ChessBase"]
[SourceQuality "1"]
[TimeControl "5400+30"]

1. e4 c6 2. Nf3 d5 3. Nc3 dxe4 4. Nxe4 Nf6 5. Qe2 Nxe4 6. Qxe4 Nd7 7. Bc4 Nf6 8. Ne5 e6 9. Qe2 b5 10. Bd3 Qc7 11. Nxc6 a6 12. Ne5 Bd6 13. Nf3 Nd5 14. Be4 Bb7 15. d4 Bb4+ 16. Kf1 Rc8 17. c3 Be7 18. a3 h6 19. Ne5 Bd6 20. f4 Nf6 21. Bxb7 Qxb7 22. f5 Qd5 23. fxe6 fxe6 24. Nf3 Rf8 25. Be3 Ne4 26. Bf2 g5 27. h3 Bg3 28. Be3 Bh4 29. Kg1 Ng3 30. Qd3 Nxh1 31. Nxh4 gxh4 32. Kxh1 Rg8 33. Rg1 Rg3 34. Kh2 Rc7 35. Qd2 Rcg7 36. Bxh6 Rg8 37. Bf4 R3g6 38. g4 hxg3+ 39. Rxg3 Qf5 40. Be5 Rxg3 41. Bxg3 Qg6 42. Qg2 Qd3 43. Qa8+ Kf7 44. Qb7+ Kf6 45. Be5+ Kg6 46. Qg2+ Kh7 47. Qf2 Rg6 48. Qf7+ Kh6 49. Bf4+ Rg5 50. Qf6+ Kh7 51. Qf7+ 1-0

[Event "FIDE WCCC Open-10 2024"]
[Site "Montesilvano"]
[Date "2024.11.22"]
[Round "7.30"]
[White "Dayal, Samar"]
[Black "Popov, Aleksandr And"]
[Result "1-0"]
[Annotator "NA RC"]
[ECO "C78"]
[WhiteElo "1818"]
[BlackElo "1651"]
[PlyCount "101"]
[EventDate "2024.11.18"]
[EventType "swiss"]
[EventCountry "ITA"]
[SourceTitle "playchess.com"]
[Source "ChessBase"]
[SourceQuality "1"]
[TimeControl "5400+30"]

1. e4 e5 2. Nf3 Nc6 3. Bb5 a6 4. Ba4 Nf6 5. O-O Bc5 6. c3 b5 7. Bb3 d6 8. d4 Bb6 9. h3 Bb7 10. Re1 h6 11. a4 O-O 12. Na3 Re8 13. d5 Ne7 14. Nc2 c6 15. Nb4 cxd5 16. Nxd5 Nexd5 17. exd5 e4 18. Nh2 Re5 19. Ng4 Nxg4 20. hxg4 Qh4 21. Be3 Bxe3 22. Rxe3 Rae8 23. axb5 axb5 24. Ra5 Bc8 25. g3 Qg5 26. Qf1 Bxg4 27. Bd1 Bxd1 28. Qxd1 Rxd5 29. Qe2 Rde5 30. b4 g6 31. Qa2 Qh5 32. Ra7 Rd5 33. Kg2 Rf8 34. Rxe4 Rd1 35. Rh4 Qd5+ 36. Qxd5 Rxd5 37. Ra5 h5 38. c4 Re5 39. cxb5 Rb8 40. Ra6 Rexb5 41. Rxd6 Rxb4 42. Rxb4 Rxb4 43. Rd7 Kg7 44. Ra7 Kf6 45. Rc7 Ke6 46. Ra7 f6 47. Ra6+ Ke5 48. Ra5+ Ke4 49. Ra6 Kf5 50. Ra5+ Kg4 51. f3# 1-0

[Event "FIDE WCCC Open-10 2024"]
[Site "Montesilvano"]
[Date "2024.11.22"]
[Round "7.31"]
[White "Kazimzade, Mahammad"]
[Black "Nikitakis, Michail"]
[Result "1/2-1/2"]
[Annotator "NA RC"]
[ECO "A29"]
[WhiteElo "1687"]
[BlackElo "1818"]
[PlyCount "108"]
[EventDate "2024.11.18"]
[EventType "swiss"]
[EventCountry "ITA"]
[SourceTitle "playchess.com"]
[Source "ChessBase"]
[SourceQuality "1"]
[TimeControl "5400+30"]

1. c4 e5 2. Nc3 Nf6 3. d3 Nc6 4. g3 d5 5. cxd5 Nxd5 6. Bg2 Nb6 7. Nf3 Be7 8. O-O O-O 9. b3 Re8 10. Bb2 Bf8 11. Rc1 Be6 12. a3 Na5 13. Nd2 Nc6 14. b4 a6 15. Nf3 f5 16. Nb1 Qf6 17. Nfd2 Bd5 18. e4 Be6 19. Nf3 fxe4 20. dxe4 Bg4 21. Qb3+ Be6 22. Qc3 Rad8 23. Qc2 Kh8 24. Nbd2 Rd7 25. h3 Red8 26. Rfd1 Bd6 27. Bf1 Rf8 28. Kh2 h6 29. Bg2 Kh7 30. Nf1 Nc4 31. Ne3 Nxe3 32. fxe3 g5 33. Rf1 Qg7 34. Bc3 Rdf7 35. Qb2 Bxh3 36. Bxh3 g4 37. Nh4 gxh3 38. Rxf7 Rxf7 39. Kxh3 Qg5 40. Qe2 Rg7 41. Qf3 Nd4 42. exd4 Qxc1 43. dxe5 Be7 44. Qf5+ Kg8 45. Qe6+ Kh7 46. Qf5+ Kg8 47. Qe6+ Kh7 48. Qf5+ Kg8 49. Qe6+ Rf7 50. Qc8+ Kh7 51. Qe6 Kg8 52. Qg6+ Rg7 53. Qe6+ Rf7 54. Qg6+ Kf8 1/2-1/2

[Event "FIDE WCCC Open-10 2024"]
[Site "Montesilvano"]
[Date "2024.11.22"]
[Round "7.32"]
[White "Qian, Qipeng"]
[Black "Zhang, Oscar Y"]
[Result "1-0"]
[Annotator "NA RC"]
[ECO "D17"]
[WhiteElo "1641"]
[BlackElo "1817"]
[PlyCount "101"]
[EventDate "2024.11.18"]
[EventType "swiss"]
[EventCountry "ITA"]
[SourceTitle "playchess.com"]
[Source "ChessBase"]
[SourceQuality "1"]
[TimeControl "5400+30"]

1. d4 d5 2. c4 c6 3. Nf3 Nf6 4. Nc3 dxc4 5. a4 Bf5 6. Ne5 Nbd7 7. Nxc4 Qc7 8. g3 e5 9. dxe5 Nxe5 10. Bf4 Nfd7 11. Bg2 f6 12. O-O O-O-O 13. Nxe5 fxe5 14. Bg5 Nf6 15. Qb3 Kb8 16. a5 Rd4 17. Ra4 Be7 18. Rc1 Qd7 19. a6 b6 20. Rxd4 exd4 21. Bf4+ Bd6 22. Bxc6 Qe7 23. Bxd6+ Qxd6 24. Nb5 Qe7 25. Nxd4 Bc8 26. Bg2 Bd7 27. Qf3 Ne4 28. Qxe4 Qxe4 29. Bxe4 Bh3 30. Nc6+ Kc7 31. Nxa7+ Kd6 32. Nb5+ Ke5 33. Bg2 Bxg2 34. Kxg2 Ra8 35. a7 h5 36. Ra1 h4 37. g4 h3+ 38. Kxh3 g5 39. Nc7 Rh8+ 40. Kg3 Kf6 41. a8=Q Rxa8 42. Nxa8 Kg6 43. Nxb6 Kh6 44. Nc4 Kg7 45. b4 Kf6 46. b5 Kg6 47. b6 Kh6 48. b7 Kg6 49. b8=Q Kh6 50. Ra7 Kg6 51. Qd6# 1-0

[Event "FIDE WCCC Open-10 2024"]
[Site "Montesilvano"]
[Date "2024.11.22"]
[Round "7.33"]
[White "Cao, Frank Zhongtian"]
[Black "Burba, Mikita"]
[Result "1-0"]
[Annotator "NA RC"]
[ECO "B38"]
[WhiteElo "1793"]
[BlackElo "1528"]
[PlyCount "85"]
[EventDate "2024.11.18"]
[EventType "swiss"]
[EventCountry "ITA"]
[SourceTitle "playchess.com"]
[Source "ChessBase"]
[SourceQuality "1"]
[TimeControl "5400+30"]

1. e4 c5 2. Nf3 Nc6 3. d4 cxd4 4. Nxd4 g6 5. c4 Bg7 6. Be3 Nf6 7. Nc3 d6 8. Be2 O-O 9. O-O Bd7 10. h3 Nxd4 11. Bxd4 Bc6 12. Qc2 a5 13. b3 Nd7 14. Bxg7 Kxg7 15. Rad1 Rc8 16. Qb2 Kg8 17. Rfe1 Re8 18. Nd5 e6 19. Nc3 Nc5 20. Bf1 Qe7 21. g3 Red8 22. Bg2 h5 23. h4 Kh7 24. Qd2 Qf6 25. Qd4 Qxd4 26. Rxd4 e5 27. Rd2 Ne6 28. Red1 Nd4 29. Ne2 Nxe2+ 30. Rxe2 Rd7 31. Bh3 Rcd8 32. Bxd7 Rxd7 33. f3 f5 34. Red2 fxe4 35. fxe4 Bxe4 36. Rxd6 Rxd6 37. Rxd6 Bc6 38. Re6 e4 39. Kf2 Kg7 40. Re5 Kf6 41. Rxa5 Ke6 42. Ke3 Kf6 43. Rc5 1-0

[Event "FIDE WCCC Open-10 2024"]
[Site "Montesilvano"]
[Date "2024.11.22"]
[Round "7.34"]
[White "Neuschild, Marius"]
[Black "Otetileu, Amanbek"]
[Result "0-1"]
[Annotator "NA RC"]
[ECO "B33"]
[WhiteElo "1786"]
[BlackElo "1632"]
[PlyCount "114"]
[EventDate "2024.11.18"]
[EventType "swiss"]
[EventCountry "ITA"]
[SourceTitle "playchess.com"]
[Source "ChessBase"]
[SourceQuality "1"]
[TimeControl "5400+30"]

1. e4 c5 2. Nf3 d6 3. d4 cxd4 4. Nxd4 Nf6 5. Nc3 Nc6 6. Bc4 e5 7. Nxc6 bxc6 8. Bg5 Be7 9. O-O O-O 10. Qd2 Rb8 11. Bb3 Be6 12. Rad1 Ne8 13. Bxe7 Qxe7 14. Rfe1 Bxb3 15. axb3 Rd8 16. Qe3 g6 17. Rd3 f5 18. f3 f4 19. Qd2 Ng7 20. Rd1 Rf6 21. Na4 g5 22. c4 Ne6 23. Rxd6 Nd4 24. Rxd8+ Qxd8 25. c5 Rf7 26. Qd3 Rd7 27. Kf1 Kf8 28. Nc3 Ke7 29. b4 h5 30. h3 Qg8 31. b5 cxb5 32. Nxb5 Qb8 33. Nd6 Qxb2 34. Rd2 Qc1+ 35. Rd1 Qxc5 36. Nf5+ Kd8 37. Nxd4 Rxd4 38. Qe2 a5 39. Rxd4+ exd4 40. Qa6 Kc7 41. Qe6 a4 42. Qf7+ Kb6 43. Qf6+ Kb5 44. e5 d3 45. Qf5 d2 46. Qd7+ Kb6 47. Qxd2 Qxe5 48. Qd8+ Kb5 49. Qd3+ Kb4 50. Qb1+ Ka5 51. Qc1 Qe3 52. Qc7+ Kb4 53. Qb8+ Kc3 54. Qc7+ Kd2 55. Qa5+ Qc3 56. Qxa4 Qc1+ 57. Kf2 Qe1# 0-1

[Event "FIDE WCCC Open-10 2024"]
[Site "Montesilvano"]
[Date "2024.11.22"]
[Round "7.36"]
[White "Aghoyan, Gevorg"]
[Black "Guntaka, Aayansh"]
[Result "0-1"]
[Annotator "NA RC"]
[ECO "B35"]
[WhiteElo "1682"]
[BlackElo "1798"]
[PlyCount "158"]
[EventDate "2024.11.18"]
[EventType "swiss"]
[EventCountry "ITA"]
[SourceTitle "playchess.com"]
[Source "ChessBase"]
[SourceQuality "1"]
[TimeControl "5400+30"]

1. e4 c5 2. Nf3 Nc6 3. d4 cxd4 4. Nxd4 g6 5. Nc3 Bg7 6. Be3 Nf6 7. Bc4 Qa5 8. f3 Qb4 9. Nxc6 dxc6 10. Bb3 Nd7 11. O-O O-O 12. a3 Qa5 13. Bd4 Bh6 14. Qe2 c5 15. Be3 Bg7 16. Bd2 e6 17. Rad1 a6 18. a4 Qc7 19. Be1 Be5 20. h3 Nf6 21. Bf2 Bf4 22. Qe1 Be5 23. Be3 Nh5 24. Ne2 Bxb2 25. c3 c4 26. Bc2 Ba3 27. Qd2 Bc5 28. Bxc5 Qxc5+ 29. Qd4 Qc6 30. e5 Qc7 31. Be4 Ng7 32. Ng3 Rb8 33. Rf2 f5 34. exf6 Ne8 35. Nf1 Nxf6 36. Ne3 b5 37. Rb2 Bd7 38. axb5 axb5 39. Ng4 Nxg4 40. hxg4 Rfd8 41. Rbd2 b4 42. Qf6 Qc5+ 43. Kh1 Rf8 44. Qd4 Qxd4 45. Rxd4 Ba4 46. Ra1 Bb3 47. cxb4 Rxb4 48. Rc1 Rc8 49. Bd3 e5 50. Re4 Rc5 51. Bf1 Kf7 52. Kg1 Ke6 53. Kf2 Kd6 54. Kg1 Kc6 55. Kf2 Ba2 56. Kg3 g5 57. Kh2 Ra4 58. Kg1 Kb5 59. Kf2 Kb4 60. Be2 Kb3 61. Bd1+ Kb2 62. Rc2+ Kb1 63. Re1 Ra3 64. Rce2 Ka1 65. Bc2+ Kb2 66. Bxh7+ Kb3 67. Bc2+ Kb4 68. Re4 Rc3 69. Rc1 Bb3 70. Re2 Bxc2 71. Rexc2 Rxc2+ 72. Rxc2 Kb3 73. Rc1 c3 74. Rb1+ Ka2 75. Rc1 Kb2 76. Re1 c2 77. g3 Rc3 78. Ke2 c1=Q 79. Rxc1 Kxc1 0-1

[Event "FIDE WCCC Open-10 2024"]
[Site "Montesilvano"]
[Date "2024.11.22"]
[Round "7.37"]
[White "Akramov, Khusan"]
[Black "Golya, David"]
[Result "1-0"]
[Annotator "NA RC"]
[ECO "B31"]
[WhiteElo "1782"]
[BlackElo "1672"]
[PlyCount "65"]
[EventDate "2024.11.18"]
[EventType "swiss"]
[EventCountry "ITA"]
[SourceTitle "playchess.com"]
[Source "ChessBase"]
[SourceQuality "1"]
[TimeControl "5400+30"]

1. e4 c5 2. Nf3 Nc6 3. Bb5 g6 4. O-O Bg7 5. c3 Nf6 6. Re1 O-O 7. d4 d5 8. e5 Ne4 9. h3 cxd4 10. cxd4 Bd7 11. Bd3 Nb4 12. Nc3 Nxc3 13. bxc3 Nxd3 14. Qxd3 Rc8 15. Bf4 Qa5 16. Rac1 Bf5 17. Qd2 Rc4 18. Nh4 Bd7 19. Bg5 f6 20. exf6 exf6 21. Bh6 Rf7 22. Bxg7 Rxg7 23. Nf3 Ra4 24. Qf4 Qd8 25. Qd6 Ra5 26. Re3 Qf8 27. Qc7 b6 28. Rce1 Bxh3 29. Re7 Rxe7 30. Rxe7 Bf5 31. Nh4 Bc2 32. Rd7 Rxa2 33. Rd8 1-0

[Event "FIDE WCCC Open-10 2024"]
[Site "Montesilvano"]
[Date "2024.11.22"]
[Round "7.38"]
[White "Iliev, Stoyan"]
[Black "Todmunkh, Turbat"]
[Result "0-1"]
[Annotator "NA RC"]
[ECO "C77"]
[WhiteElo "1671"]
[BlackElo "1773"]
[PlyCount "84"]
[EventDate "2024.11.18"]
[EventType "swiss"]
[EventCountry "ITA"]
[SourceTitle "playchess.com"]
[Source "ChessBase"]
[SourceQuality "1"]
[TimeControl "5400+30"]

1. e4 e5 2. Nf3 Nc6 3. Bb5 a6 4. Ba4 Nf6 5. Nc3 b5 6. Bb3 Be7 7. d3 d6 8. h3 Na5 9. Be3 Nxb3 10. axb3 Be6 11. Ng5 c5 12. f4 exf4 13. Bxf4 O-O 14. O-O d5 15. e5 Nd7 16. Nxe6 fxe6 17. Qg4 Rf5 18. Bh6 g6 19. Rxf5 exf5 20. Qf4 Nb6 21. g4 d4 22. Ne2 fxg4 23. Rf1 Qd5 24. Qxg4 Qxe5 25. Nf4 Bd6 26. Rf2 Qe1+ 27. Kg2 Bxf4 28. Qxf4 Qe7 29. Bg5 Qb7+ 30. Rf3 Re8 31. Bh6 Qe7 32. Bg5 Nd5 33. Qg3 Qd7 34. Bh6 Qc6 35. Kf1 Qe6 36. Qf2 Qe7 37. h4 Ne3+ 38. Bxe3 dxe3 39. Qg3 e2+ 40. Ke1 c4 41. dxc4 Qd8 42. Rd3 Qa5+ 0-1